 Dungeon Crawl Stone Soup version 0.26.0-11-g8f856b5395 (webtiles) character file.

Game seed: 12918308648816970319

73 xSliceyx the Skirmisher (level 4, -1/30 HPs)
             Began as a Kobold Hunter on Jan 15, 2021.
             Killed from afar by Sigmund (7 damage)
             ... with a magic dart
             ... on level 2 of the Dungeon.
             The game lasted 00:07:46 (2439 turns).

xSliceyx the Skirmisher (Kobold Hunter)             Turns: 2439, Time: 00:07:46

Health: -1/30      AC:  3    Str: 10    XL:     4   Next: 51%
Magic:  4/4        EV: 14    Int: 12    God:
Gold:   49         SH:  0    Dex: 15    Spells: 3/3 levels left

rFire    . . .     SeeInvis .   a - +1 hand crossbow
rCold    . . .     Faith    .   (shield restricted)
rNeg     . . .     Spirit   .   c - +0 leather armour
rPois    .         Reflect  .   (no helmet)
rElec    .         Harm     .   (no cloak)
rCorr    .         Rampage  .   (no gloves)
Will     .....                  (no boots)
Stlth    ++........             (no amulet)
HPRegen  0.10/turn              (no ring)
MPRegen  0.09/turn              (no ring)

@: confused
A: small, nightstalker 3
a: no special abilities


You were on level 2 of the Dungeon.
You visited 1 branch of the dungeon, and saw 2 of its levels.

You collected 49 gold pieces.

Inventory:

Hand Weapons
 a - a +1 hand crossbow (weapon)
 b - a +0 short sword
Missiles
 d - 47 bolts (quivered ammo)
Armour
 c - a +0 leather armour (worn)
Scrolls
 e - a scroll of enchant weapon {unknown}
 f - 2 scrolls of magic mapping {unknown}
 g - a scroll of amnesia {unknown}
 h - 2 scrolls of fear {unknown}
 k - a scroll of fog {unknown}
 l - a scroll of remove curse {unknown}
 o - a scroll of teleportation {unknown}
 p - a scroll of identify {unknown}
Potions
 i - a potion of heal wounds {unknown}
 j - a potion of haste {unknown}
 m - a potion of cancellation {unknown}
 n - a potion of curing
 q - a potion of flight {unknown}


   Skills:
 + Level 4.9 Fighting
 - Level 4.8 Crossbows
 - Level 2.4 Dodging
 - Level 1.3 Stealth


You had 3 spell levels left.
You didn't know any spells.
Your spell library was empty.

Dungeon Overview and Level Annotations

Branches:
Dungeon (2/15)

Altars:

Annotations:
D:2 Sigmund


Innate Abilities, Weirdness & Mutations

You are small and have problems with some larger weapons.
You are completely attuned to the shadows.


Message History

Aim: Sigmund, wielding a +0 scythe and wearing a +0 robe You shoot a bolt.
The bolt hits Sigmund.
Sigmund is lightly wounded.
Unknown command.
Fire: 48 bolts
Press: ? - help, Q - select action Shift-Dir - straight line, f/p - Sigmund
Aim: Sigmund, wielding a +0 scythe and wearing a +0 robe (lightly wounded)
You shoot a bolt. The bolt barely misses Sigmund.
Sigmund hits you from afar with a +0 scythe!
Sigmund points at you and mumbles some strange words.
You are confused.
You bump into the rock wall.
Sigmund casts a spell at you. The magic dart hits you!
* * * LOW HITPOINT WARNING * * *
You're too confused to move!
You bump into the rock wall.
Sigmund gestures at you while chanting. The magic dart hits you!
You die...

#................#
#.#...##########.# #.#####
#<# #.## #.# ...# #.# #..#
#.# #..# #.#
#..#############.##
#...............@.#
#>####.##.#.####..#
#.####.##.#.# #.@####
..........#.# ##.....#####
#.####.##.#(. ...........#
#.####.##.######..##.###.#
#.............##..##.# #.#
.^..........#.##..##.# #.#
######.##.#.#.##..##.# #)#


You could see Sigmund.

Vanquished Creatures
  Terence (D:2)
  An adder (D:2)
  A worm (D:2)
  3 dart slugs
  A leopard gecko (D:2)
  A giant cockroach (D:2)
  2 goblins (D:1)
  8 hobgoblins
  4 bats (D:1)
  4 kobolds (D:1)
  5 rats
31 creatures vanquished.

Notes
Turn   | Place    | Note
-------+----------+-------------------------------------------
     0 | D:1      | xSliceyx the Kobold Hunter began the quest for the Orb.
     0 | D:1      | Reached XP level 1. HP: 12/12 MP: 1/1
   380 | D:1      | Reached XP level 2. HP: 14/18 MP: 2/2
  1311 | D:1      | Reached XP level 3. HP: 23/23 MP: 3/3
  1811 | D:2      | Noticed Sigmund
  1830 | D:2      | Noticed Terence
  2381 | D:2      | Killed Terence
  2382 | D:2      | Reached XP level 4. HP: 30/30 MP: 4/4
  2439 | D:2      | Killed from afar by Sigmund

Illustrated notes

Levels and vault maps discovered:
D:1:      wander_arrival_peaceful_grave, layout_basic, minmay_misc_feat_doors,
          st_stairs_7
D:2:      layout_loops_ring, nzn_wu_jian_contemplation, uniq_sigmund,
          uniq_terence

Skill      XL: |  1  2  3 |
---------------+----------+-----
Fighting       | 3 4 |  4.9
Crossbows      | |  4.8
Dodging        | |  2.4
Stealth        | |  1.3

Action                   |  1- 3 |  4- 6 || total
-------------------------+-------+-------++-------
Melee: Short sword       |    74 |       ||    74
 Fire: Hand crossbow     |    24 |     4 ||    28
 Stab: Sleeping          |    14 |       ||    14
Armor: Leather armour    |    13 |       ||    13
Dodge: Dodged            |    47 |       ||    47
